 Dungeon Crawl Stone Soup version 0.21.1-1-g345015f (webtiles) character file.

5017 xccam the Basher (level 10, -1/132 HPs)
             Began as a Minotaur Berserker on Feb 13, 2018.
             Was an Elder of Trog.
             Slain by an ice beast (2 damage)
             ... on level 8 of the Dungeon.
             The game lasted 00:13:24 (5670 turns).

xccam the Basher (Minotaur Berserker)               Turns: 5670, Time: 00:13:25

Health: -1/132     AC: 12    Str: 28      XL:     10   Next: 30%
Magic:  0/27       EV: 11    Int:  5      God:    Trog [****..]
Gold:   374        SH:  0    Dex:  9 (11) Spells: 9/9 levels left

rFire    . . .     SeeInvis .   j - +1 mace (venom)
rCold    . . .     Gourm    .   (no shield)
rNeg     . . .     Faith    .   h - +0 chain mail
rPois    .         Spirit   +   (helmet restricted)
rElec    .         Reflect  .   (no cloak)
rCorr    .         Harm     .   (no gloves)
MR       .....                  z - +0 pair of boots
Stlth    ..........             d - amulet of guardian spirit
HPRegen  0.32/turn              f - ring of magical power
MPRegen  0.20/turn              g - ring of magical power

@: berserking, very quick
A: retaliatory headbutt, horns 2, iridescent scales 1, thin metallic scales 1,
deformed body, wild magic 1
a: Berserk, Trog's Hand, Brothers in Arms, Burn Spellbooks, Renounce Religion


You were on level 8 of the Dungeon.
You worshipped Trog.
Trog was greatly pleased with you.
You were hungry.

You visited 1 branch of the dungeon, and saw 8 of its levels.

You collected 374 gold pieces.

Inventory:

Hand Weapons
 a - a +0 mace
 j - a +1 mace of venom (weapon)
 o - a +6 club
 t - a +0 whip of holy wrath
Armour
 h - a +0 chain mail (worn)
 z - a +0 pair of boots (worn)
Jewellery
 d - an amulet of guardian spirit (around neck)
 f - a ring of magical power (left hand)
 g - a ring of magical power (right hand)
 m - an uncursed amulet of rage
Wands
 p - a wand of enslavement (15)
 q - a wand of polymorph (17)
 u - a wand of flame (33)
 y - a wand of paralysis (26)
 A - a wand of digging (13)
Scrolls
 b - a scroll of remove curse
 e - 2 scrolls of immolation
 k - a scroll of identify
 x - a scroll of magic mapping
 B - a scroll of vulnerability {unknown}
Potions
 i - a potion of magic {unknown}
 l - 5 potions of brilliance
 n - 2 potions of heal wounds
 r - 3 potions of curing
 s - a potion of cancellation {unknown}
 v - a potion of haste {unknown}
 w - a potion of berserk rage {unknown}
Comestibles
 c - 19 rations


   Skills:
 + Level 8.2 Fighting
 + Level 13.2 Maces & Flails
 + Level 7.6 Armour
 + Level 7.0 Dodging


You had 9 spell levels left.
You didn't know any spells.

Dungeon Overview and Level Annotations

Branches:
Dungeon (8/15)             Temple (0/1) D:5
   Lair: D:8-11

Altars:
Cheibriados
Fedhas
Makhleb
Vehumet
Xom

Shops:
D:5 [


Innate Abilities, Weirdness & Mutations

You reflexively headbutt those who attack you in melee.
You have a pair of horns on your head.
You are partially covered in iridescent scales. (AC +2)
You are partially covered in thin metallic scales. (AC +2)
Armour fits poorly on your strangely shaped body.
Your spells are a little harder to cast, but a little more powerful.


Message History

You feel clumsy. The quasit barely misses you. The quasit closely misses you.
The ice beast closely misses you. The two-headed ogre misses you.
The two-headed ogre hits you with a giant spiked club!
* * * LOW HITPOINT WARNING * * *
Unknown command.
You are too berserk!
You are too berserk!
You bludgeon the two-headed ogre!!
You kill the two-headed ogre!
Trog accepts your kill.
You feel your dexterity returning.
Your Fighting skill increases to level 8!
Your Dodging skill increases to level 7!
The centaur hits you but does no damage.
The quasit closely misses you.
The quasit claws you but does no damage.
The quasit misses you.
You closely miss the ice beast. The ice beast hits you.
You die...

*,,,,,,,,*,,,**,,***###.##
***##....,,,,,,,,,,,,.....
#.....,,,,,,,******#...
#.....,,,,,,*,,,,,,,...
#.....,,,,,,,,*******#.
*#....,,,,,**** #####
##....*,,,** #....
##....c##*** ####.###
#.....Y@# #####....#
#.....5)#####.....####
#.............#####
##......####### *#.....##
#.....[,* #......,*
#......,* ##.....**


You could see an ice beast, a centaur and a quasit.

Vanquished Creatures
  2 two-headed ogres (D:8)
  The ghost of
  1994 the Summoner, a novice TeSu of Sif Muna (D:6)
  Joseph (D:8)
  Grinder (D:5)
  Prince Ribbit (D:6)
  Sigmund (D:5)
  The ghost of zhorgal the Ruffian, an amateur TrFi of Okawaru (D:3)
  The ghost of anp the Skirmisher, an amateur DsMo of Cheibriados (D:4)
  A sky beast (D:6)
  3 ogres
  A centaur (D:7)
  A big kobold (D:8)
  2 bullfrogs
  5 scorpions
  A water moccasin skeleton (D:4)
  4 killer bees (D:7)
  3 wights (D:8)
  3 howler monkeys
  A crimson imp (D:6)
  2 bullfrog zombies
  5 hounds
  An orc priest (D:5)
  A gnoll shaman (D:7)
  2 centaur skeletons
  3 orc wizards
  Jessica (D:2)
  Natasha (thrice) (D:2)
  Terence (D:3)
  An iguana (D:7)
  4 worker ants
  8 adders
  3 gnolls (D:7)
  A shadow imp (D:7)
  An ooze (D:3)
  5 worms
  2 dart slugs
  4 leopard geckos
  27 orcs
  7 bats
  3 giant cockroaches
  10 hobgoblins
  6 jackals
  5 quokkas
  2 ball pythons
  4 frilled lizards
  5 goblins
  A jackal skeleton (D:4)
  7 kobolds
  3 leopard gecko skeletons
  2 leopard gecko zombies
  A quokka zombie (D:6)
  8 rats
173 creatures vanquished.

Notes
Turn   | Place    | Note
-------+----------+-------------------------------------------
     0 | D:1      | xccam the Minotaur Berserker began the quest for the Orb.
     0 | D:1      | Reached XP level 1. HP: 19/19 MP: 0/0
     5 | D:1      | Noticed a formicid
    16 | D:1      | Noticed a merfolk zombie
    18 | D:1      | Noticed an elf
    89 | D:1      | Reached skill level 4 in Maces & Flails
    94 | D:1      | Reached XP level 2. HP: 25/26 MP: 1/1
   466 | D:2      | Reached skill level 5 in Maces & Flails
   471 | D:2      | Found a blossoming altar of Fedhas.
   503 | D:2      | Noticed Natasha
   514 | D:2      | Killed Natasha
   514 | D:2      | Reached XP level 3. HP: 23/31 MP: 2/2
   604 | D:2      | Noticed Natasha
   612 | D:2      | Killed Natasha
   612 | D:2      | Reached skill level 6 in Maces & Flails
   612 | D:2      | Reached XP level 4. HP: 37/39 MP: 3/3
   696 | D:2      | Reached ** piety under Trog
   751 | D:2      | Noticed Jessica
   760 | D:2      | Killed Jessica
  1062 | D:2      | Noticed Natasha
  1067 | D:2      | Killed Natasha
  1067 | D:2      | Reached skill level 7 in Maces & Flails
  1067 | D:2      | Reached XP level 5. HP: 42/45 MP: 4/4
  1371 | D:3      | Found a faded altar of an unknown god.
  1639 | D:3      | Found a burning altar of Makhleb.
  1771 | D:3      | Noticed Terence
  1814 | D:3      | Killed Terence
  1885 | D:3      | Noticed zhorgal's ghost (amateur TrFi)
  1898 | D:3      | Killed zhorgal's ghost
  1898 | D:3      | Reached skill level 8 in Maces & Flails
  1898 | D:3      | Reached XP level 6. HP: 14/51 MP: 5/5
  1901 | D:3      | Reached skill level 9 in Maces & Flails
  2363 | D:4      | Reached XP level 7. HP: 36/57 MP: 6/6
  2540 | D:4      | Reached skill level 10 in Maces & Flails
  2568 | D:4      | Reached *** piety under Trog
  2647 | D:4      | Noticed anp's ghost (amateur DsMo)
  2661 | D:4      | Killed anp's ghost
  2968 | D:5      | Entered Level 5 of the Dungeon
  3001 | D:5      | Noticed Grinder
  3007 | D:5      | Reached skill level 11 in Maces & Flails
  3016 | D:5      | Killed Grinder
  3016 | D:5      | Reached XP level 8. HP: 38/64 MP: 7/7
  3047 | D:5      | Gained mutation: Armour fits poorly on your strangely shaped body. [potion of mutation]
  3047 | D:5      | Gained mutation: Your spells are a little harder to cast, but a little more powerful. [potion of mutation]
  3047 | D:5      | Gained mutation: You are partially covered in thin metallic scales. (AC +2) [potion of mutation]
  3047 | D:5      | Gained mutation: You are partially covered in iridescent scales. (AC +2) [potion of mutation]
  3089 | D:5      | Found Denkut's Antique Armour Emporium.
  3129 | D:5      | Reached skill level 12 in Maces & Flails
  3231 | D:5      | Found a staircase to the Ecumenical Temple.
  3268 | D:5      | Noticed Sigmund
  3282 | D:5      | Killed Sigmund
  3784 | D:6      | Reached skill level 13 in Maces & Flails
  3812 | D:6      | Noticed Prince Ribbit
  3839 | D:6      | Killed Prince Ribbit
  4079 | D:6      | Found a blossoming altar of Fedhas.
  4104 | D:6      | Reached **** piety under Trog
  4260 | D:6      | Noticed 1994's ghost (novice TeSu)
  4275 | D:6      | Killed 1994's ghost
  4275 | D:6      | Reached skill level 5 in Fighting
  4275 | D:6      | Reached XP level 9. HP: 74/74 MP: 8/8
  4935 | D:7      | Reached skill level 5 in Armour
  5008 | D:7      | Reached skill level 5 in Dodging
  5117 | D:7      | Found a radiant altar of Vehumet.
  5120 | D:7      | Found a shimmering altar of Xom.
  5126 | D:7      | Found a snail-covered altar of Cheibriados.
  5362 | D:8      | Noticed a two-headed ogre
  5369 | D:8      | Noticed Joseph
  5377 | D:8      | Killed a two-headed ogre
  5408 | D:8      | Killed Joseph
  5408 | D:8      | Reached XP level 10. HP: 48/88 MP: 9/9
  5648 | D:8      | Noticed a two-headed ogre
  5659 | D:8      | Paralysed by a centaur for 5 turns
  5668 | D:8      | HP: 1/132 [two-headed ogre/giant club (13)]
  5669 | D:8      | Killed a two-headed ogre
  5670 | D:8      | Slain by an ice beast

Skill      XL: |  1  2  3  4  5  6  7  8  9 10 |
---------------+-------------------------------+-----
Maces & Flails | 4 5 6 7 8 9 11 13 | 13.2
Fighting       | 5 7 8 |  8.2
Armour         | 4 7 |  7.6
Dodging        | 3 6 7 |  7.0

Action                   |  1- 3 |  4- 6 |  7- 9 | 10-12 || total
-------------------------+-------+-------+-------+-------++-------
Melee: Mace              |    53 |    14 |   145 |    27 ||   239
       Headbutt          |     6 |    24 |    49 |     5 ||    84
       Club              |       |   112 |   186 |       ||   298
Invok: Berserk           |     1 |     1 |     2 |     1 ||     5
       Trog's Hand       |       |     1 |     5 |       ||     6
  Use: Scroll            |       |     3 |     6 |     2 ||    11
       Potion            |       |       |     4 |       ||     4
  Eat: Chunk             |       |     7 |     9 |     2 ||    18
       Ration            |       |       |     1 |       ||     1
Armor: Chain mail        |    24 |    59 |   145 |    41 ||   269
       Animal skin       |     2 |       |       |       ||     2
Dodge: Dodged            |    32 |    40 |   129 |    32 ||   233
